 Dungeon Crawl Stone Soup version 0.22-a0-443-g17c3723 (webtiles) character file.

8094 KristoblXynda the Grappler (level 11, -1/88 HPs)
             Began as a Troll Wizard on June 1, 2018.
             Was a Follower of Ashenzari.
             Shot with an arrow by a centaur (12 damage)
             ... on level 11 of the Dungeon.
             The game lasted 00:26:29 (8647 turns).

KristoblXynda the Grappler (Troll Wizard)           Turns: 8647, Time: 00:26:30

Health: -1/88      AC:  8    Str: 17    XL:     11   Next: 5%
Magic:  13/13      EV: 10    Int: 19    God:    Ashenzari [*.....]
Gold:   422        SH:  0    Dex: 11    Spells: 7/14 levels left

rFire    . . .     SeeInvis +     - Unarmed
rCold    + . .     Gourm    +   (no shield)
rNeg     . . .     Faith    .   A - +1 robe {rC+} (curse)
rPois    +         Spirit   .   b - +1 hat
rElec    .         Reflect  .   E - +0 cloak of Pleasant Breezes {rPois Int+2 SInv} (curse)
rCorr    .         Harm     .   (gloves unavailable)
MR       +....                  (boots unavailable)
Stlth    +.........             (no amulet)
HPRegen  0.64/turn              q - +3 ring of dexterity
MPRegen  0.13/turn              y - ring of protection from magic

@: no status effects
A: large, unfitting armour, claws 3, fast metabolism 3, gourmand, regeneration
1, shaggy fur 1, tough skin 2
a: Curse Item, Scrying, Renounce Religion


You were on level 11 of the Dungeon.
You worshipped Ashenzari.
Ashenzari was aware of your devotion.
You were very full.

You visited 2 branches of the dungeon, and saw 12 of its levels.
You also visited: Sewer and Ossuary.

You collected 687 gold pieces.
You spent 265 gold pieces at shops.

Inventory:

Hand Weapons
 C - a +2 vampiric whip
Armour
 b - a +1 hat (worn)
 w - a +0 shield
 A - a cursed +1 robe of cold resistance (worn)
 E - the cursed +0 cloak of Pleasant Breezes (worn) {rPois Int+2 SInv}
   (You bought it in a shop on level 6 of the Dungeon)

   It affects your intelligence (+2).
   It protects you from poison.
   It lets you see invisible.
   It has a curse placed upon it.
Jewellery
 q - a +3 ring of dexterity (left claw)
 x - an uncursed ring of stealth
 y - a ring of protection from magic (right claw)
 H - an uncursed ring of resist corrosion
Wands
 u - a wand of acid (1)
 v - a wand of paralysis (10)
 D - a wand of digging (36)
 F - a wand of disintegration (9)
Scrolls
 a - a scroll of identify
 c - 4 scrolls of fear
 f - 4 scrolls of immolation
 g - a scroll of magic mapping
 l - 4 scrolls of remove curse
 p - 2 scrolls of teleportation
 r - 5 scrolls of blinking
 B - 5 scrolls of amnesia
Potions
 e - 2 potions of magic
 h - a potion of invisibility
 i - 4 potions of ambrosia
 j - 4 potions of haste
 k - 5 potions of flight
 m - 2 potions of agility
 n - a potion of brilliance
 o - 2 potions of might
 s - a potion of cancellation
 t - 4 potions of curing
 z - 4 potions of mutation
Comestibles
 d - 32 rations


   Skills:
 - Level 1.5 Dodging
 - Level 1.0 Stealth
 + Level 11.0 Unarmed Combat
 - Level 2.0 Spellcasting
 * Level 9.4 Conjurations
   Level 0.6 Summonings
   Level 0.6 Translocations
 + Level 3.3 Evocations


You had 7 spell levels left.
You knew the following spells:

 Your Spells              Type           Power        Failure   Level  Hunger
a - Magic Dart            Conj           ####         1%          1    #......
b - Mephitic Cloud        Conj/Pois/Air  ##......     14%         3    ###....
c - Conjure Flame         Conj/Fire      ###.....     8%          3    ###....

Your spell library contained the following spells:

 Spells                   Type           Power        Failure   Level  Hunger
 Slow                     Hex            #.......     26%         2    ###....
 Blink                    Tloc           N/A          21%         2    ###....
 Call Imp                 Summ           #.......     21%         2    ###....


Dungeon Overview and Level Annotations

Branches:
Dungeon (11/15)            Temple (1/1) D:7            Lair (0/6) D:11
    Orc: D:9-12

Altars:
Ashenzari
Cheibriados
Dithmenos
Elyvilon
Fedhas
Gozag
Hepliaklqana
Kikubaaqudgha
Makhleb
Qazlal
Ru
Sif Muna
Trog
Uskayaw
Vehumet
Wu Jian
Xom
Yredelemnul
Zin
The Shining One

Shops:
D:6 %(}[


Innate Abilities, Weirdness & Mutations

You are too large for most types of armour.
You have claws for hands.
Your metabolism is lightning-fast.
You like to eat raw meat.
Your natural rate of healing is unusually fast.
You are covered in fur. (AC +1)
You have very tough skin. (AC +2)


Message History

* * * LOW HITPOINT WARNING * * *
Unknown command.
Evoke which item? (* to show all) (? for menu, Esc to quit)
Aiming: Paralyse
Press: ? - help, Shift-Dir - straight line, f - gargoyle
Aim: a gargoyle, wielding a mace (moderately damaged, chance to defeat MR: 37%)
Okay, then.
The centaur wields an uncursed shortbow.
The centaur shoots an arrow.
The arrow barely misses you.
The gargoyle hurls a stone arrow at you.
The stone arrow misses you.
Okay, then.
Evoke which item? (* to show all) (? for menu, Esc to quit)
Aiming: Disintegrate
Press: ? - help, Shift-Dir - straight line, f - centaur
Aim: a centaur, wielding a shortbow (moderately wounded, chance to defeat MR: 78%)
The centaur barely resists.
The centaur shoots an arrow.
The arrow hits you.
* * * LOW HITPOINT WARNING * * *
The centaur shoots an arrow.
The arrow hits you!
You die...

####################
............(......
.......<....##.....
.........(..##...#
#######.....##(.@######
# #.(...##...>......
#######......(.9c.......
...........(.)..........
............(().........
###############'###.....
.... ..... ....#.....
.....# ..


You could see a gargoyle and a centaur.

Vanquished Creatures
  The ghost of azzavlup the Cleaver, a journeyman DsAK of Lugonu (D:11)
  Fannar (D:10)
  A troll (D:10)
  A queen bee (D:10)
  3 hippogriffs
  A steam dragon (D:10)
  2 hungry ghosts
  2 wargs (D:11)
  Duvessa (D:6)
  2 orc warriors
  A black bear (D:7)
  2 phantoms
  2 sky beasts
  A necrophage (D:7)
  3 ogres
  6 centaurs
  2 big kobolds (D:9)
  2 bullfrogs
  Dowan (D:6)
  3 scorpions
  21 killer bees (D:10)
  4 electric eels
  13 wights
  A howler monkey (D:5)
  3 crimson imps
  A quasit (D:7)
  2 centaur zombies (Ossuary)
  A jelly (D:5)
  5 orc priests
  4 orc wizards
  2 bullfrog skeletons (D:10)
  2 hounds
  2 centaur skeletons (D:9)
  2 human zombies (Ossuary)
  An iguana (D:11)
  4 worker ants
  Natasha (twice) (D:4)
  2 big kobold zombies (Ossuary)
  2 mummies (Ossuary)
  A hound skeleton (D:6)
  4 gnolls (D:9)
  A howler monkey skeleton (D:10)
  7 adders
  A shadow imp (D:5)
  6 oozes
  2 adder skeletons
  2 adder zombies
  6 worms
  2 dart slugs
  9 leopard geckos
  45 orcs
  4 ball pythons
  24 bats
  13 giant cockroaches
  14 goblins
  6 hobgoblins
  15 jackals
  5 quokkas
  9 frilled lizards
  A goblin zombie (Ossuary)
  11 hobgoblin zombies (Ossuary)
  A jackal skeleton (D:6)
  2 jackal zombies
  15 kobolds
  8 kobold zombies (Ossuary)
  7 orc zombies (Ossuary)
  12 rats
  2 rat zombies (Ossuary)
347 creatures vanquished.

Vanquished Creatures (collateral kills)
  2 killer bees (D:10)
2 creatures vanquished.

Vanquished Creatures (others)
  A killer bee (D:10)
1 creature vanquished.

Grand Total: 350 creatures vanquished

Notes
Turn   | Place    | Note
-------+----------+-------------------------------------------
     0 | D:1      | KristoblXynda the Troll Wizard began the quest for the Orb.
     0 | D:1      | Reached XP level 1. HP: 16/16 MP: 2/2
    63 | D:1      | Reached skill level 1 in Conjurations
    82 | D:1      | Reached skill level 1 in Unarmed Combat
    82 | D:1      | Reached XP level 2. HP: 24/24 MP: 4/4
   332 | D:1      | Reached XP level 3. HP: 25/31 MP: 5/5
   691 | D:2      | Reached skill level 2 in Unarmed Combat
   723 | D:2      | Learned a level 3 spell: Mephitic Cloud
  1041 | D:2      | Reached XP level 4. HP: 28/39 MP: 6/6
  1648 | D:3      | Reached skill level 3 in Unarmed Combat
  1662 | D:3      | Reached XP level 5. HP: 45/45 MP: 7/7
  1711 | D:3      | Found a deep blue altar of Sif Muna.
  1866 | D:3      | Found a burning altar of Makhleb.
  2119 | D:3      | Found a blossoming altar of Fedhas.
  2427 | D:4      | Reached skill level 4 in Unarmed Combat
  2433 | D:4      | Reached XP level 6. HP: 42/53 MP: 8/8
  2573 | D:4      | Found a sand-covered staircase.
  2577 | Ossuary  | Entered an ossuary
  2813 | Ossuary  | Reached skill level 5 in Unarmed Combat
  2820 | Ossuary  | Reached XP level 7. HP: 53/59 MP: 9/9
  3017 | D:4      | Noticed Natasha
  3073 | D:4      | Found an opulent altar of Gozag.
  3074 | D:4      | Found a shimmering altar of Xom.
  3074 | D:4      | Found a stormy altar of Qazlal.
  3107 | D:4      | Killed Natasha
  3206 | D:4      | Found a glowing silver altar of Zin.
  3207 | D:4      | Found a white marble altar of Elyvilon.
  3208 | D:4      | Found a glowing golden altar of the Shining One.
  3289 | D:4      | Noticed Natasha
  3297 | D:4      | Killed Natasha
  3421 | D:5      | Entered Level 5 of the Dungeon
  3454 | D:5      | Reached skill level 6 in Unarmed Combat
  3658 | D:5      | Reached skill level 5 in Conjurations
  3658 | D:5      | Reached XP level 8. HP: 59/67 MP: 10/10
  3948 | D:5      | Found a bloodstained altar of Trog.
  4004 | D:6      | Found Pinemn's Gadget Shoppe.
  4042 | D:6      | Noticed Duvessa
  4052 | D:6      | Noticed Dowan
  4054 | D:6      | Killed Duvessa
  4068 | D:6      | Reached skill level 7 in Unarmed Combat
  4075 | D:6      | Killed Dowan
  4131 | D:6      | Found Buwk's Armour Boutique.
  4142 | D:6      | Bought the +0 cloak of Pleasant Breezes {rPois Int+2 SInv} for 265 gold pieces
  4165 | D:6      | Found a transporter.
  4170 | D:6      | Found a transporter.
  4170 | D:6      | Found an ornate altar of the Wu Jian Council.
  4224 | D:6      | Found Veiprism's Weapon Shop.
  4326 | D:6      | Found Lawuc's Food Emporium.
  4579 | D:6      | Found a glowing drain.
  4589 | Sewer    | Entered a sewer
  4950 | Sewer    | Learned a level 3 spell: Conjure Flame
  5240 | D:6      | Reached skill level 8 in Unarmed Combat
  5381 | D:7      | Found a staircase to the Ecumenical Temple.
  5400 | Temple   | Entered the Ecumenical Temple
  5455 | Temple   | Became a worshipper of Ashenzari the Shackled
  5725 | D:7      | Reached XP level 9. HP: 62/74 MP: 11/11
  5855 | D:7      | Found a sacrificial altar of Ru.
  6174 | D:8      | You fall through a shaft!
  6422 | D:9      | Reached skill level 9 in Unarmed Combat
  6886 | D:10     | Entered Level 10 of the Dungeon
  7056 | D:10     | Reached skill level 10 in Unarmed Combat
  7155 | D:10     | Noticed Fannar
  7171 | D:10     | Killed Fannar
  7171 | D:10     | Reached skill level 1 in Evocations
  7171 | D:10     | Reached XP level 10. HP: 81/81 MP: 12/12
  7502 | D:10     | Reached * piety under Ashenzari
  8088 | D:11     | Found a staircase to the Lair.
  8130 | D:11     | HP: 3/81 [centaur/arrow (9)]
  8388 | D:11     | Noticed azzavlup's ghost (journeyman DsAK)
  8399 | D:11     | Killed azzavlup's ghost
  8399 | D:11     | Reached skill level 11 in Unarmed Combat
  8399 | D:11     | Reached XP level 11. HP: 42/88 MP: 13/13
  8647 | D:11     | Shot with an arrow by a centaur

Vault maps used:
D:1:      dpeg_arrival_pits
D:2:      kb_forest_paths, kennysheep_cross_bottleneck
D:3:      makhleb_blood_cavern_becter, lemuel_crystal_altar,
          fedhas_altar_fruit_tree, first_ration, st_stairs_3
D:4:      good_gods_temple_1, gammafunk_temple_overflow_claw, enter_ossuary_5,
          uniq_natasha
D:5:      trog_butcher_becter
D:6:      gammafunk_temple_overflow_arena, serial_curves, eino_curves_03,
          eino_curves_01, serial_shops, kennysheep_mini, shop_coins,
          nicolae_shop_stone, portal_sewer_entry_f, nicolae_lava_and_water,
          kennysheep_windowed_goal, uniq_duvessa
D:7:      nicolae_ru_the_path_less_chosen, minmay_temple_entry_trees
D:8:      nemelex_xobeh_ov_fountains_minmay, okawaru_metal_pillars_1_2, tgw_xom,
          uniq_maurice
D:9:      blue_anna_alchemist
D:10:     special_room, uniq_fannar
D:11:     erik_lair_orcish_takeover, wad_scary_box
Temple:   compressed_dpeg_triangle_lava_temple
Sewer:    sewer_fruit_machine
Ossuary:  ossuary_tomb_1

Skill      XL: |  1  2  3  4  5  6  7  8  9 10 |
---------------+-------------------------------+-----
Conjurations   | 1 2 3 5 6 8 9 |  9.4
Unarmed Combat | 1 2 3 4 5 6 8 10 11 | 11.0
Evocations     | 1 3 |  3.3
Dodging        | |  1.5
Stealth        | |  1.0
Spellcasting   | |  2.0
Summonings     | |  0.6
Translocations | |  0.6

Action                   |  1- 3 |  4- 6 |  7- 9 | 10-12 || total
-------------------------+-------+-------+-------+-------++-------
Melee: Unarmed           |   126 |   308 |   447 |   200 ||  1081
       Punch             |     1 |     6 |    14 |     1 ||    22
 Cast: Mephitic Cloud    |       |       |     2 |    10 ||    12
Invok: Curse Item        |       |       |     2 |       ||     2
Evoke: Wand              |       |       |     4 |     6 ||    10
  Use: Scroll            |       |    14 |    11 |       ||    25
       Potion            |       |       |     5 |     8 ||    13
 Stab: Sleeping          |     1 |     2 |    12 |     2 ||    17
       Confused          |       |       |     3 |     7 ||    10
       Paralysed         |       |       |       |     2 ||     2
  Eat: Chunk             |    15 |    14 |    52 |    12 ||    93
       Ration            |       |       |     2 |     2 ||     4
Armor: Robe              |    64 |   125 |   159 |    55 ||   403
Dodge: Dodged            |    59 |   160 |   227 |   132 ||   578

Table legend:
 A = Spawn XP
 B = Non-spawn XP
 C = Spawn XP percentage of total XP
 D = Spawn monster count
 E = Non-spawn monster count
 F = Spawn count percentage of total count
 G = Total turns spent on level
                    A         B        C        D         E        F      G
               +---------+---------+-------+---------+---------+-------+---------
         Total |       0 |   11564 |   0.0 |       0 |     350 |   0.0 |  8647
               +---------+---------+-------+---------+---------+-------+---------
           D:1 |       0 |      53 |   0.0 |       0 |      31 |   0.0 |   688
           D:2 |       0 |     110 |   0.0 |       0 |      37 |   0.0 |   955
           D:3 |       0 |     164 |   0.0 |       0 |      35 |   0.0 |   731
           D:4 |       0 |     479 |   0.0 |       0 |      14 |   0.0 |   744
           D:5 |       0 |     470 |   0.0 |       0 |      20 |   0.0 |   583
           D:6 |       0 |     960 |   0.0 |       0 |      28 |   0.0 |   836
           D:7 |       0 |     483 |   0.0 |       0 |      10 |   0.0 |   570
           D:8 |       0 |     239 |   0.0 |       0 |       1 |   0.0 |    83
           D:9 |       0 |    1317 |   0.0 |       0 |      20 |   0.0 |   712
          D:10 |       0 |    4652 |   0.0 |       0 |      72 |   0.0 |  1037
          D:11 |       0 |    2264 |   0.0 |       0 |      17 |   0.0 |   724
         Sewer |       0 |      76 |   0.0 |       0 |      26 |   0.0 |   458
       Ossuary |       0 |     297 |   0.0 |       0 |      39 |   0.0 |   303
               +---------+---------+-------+---------+---------+-------+---------
